 Dungeon Crawl Stone Soup version 0.31-a0-631-g285b096dc4 (webtiles) character file.

Game seed: 13702316949712978098

1253 Arcadio the Grave Robber (level 8, -10/47 (50) HPs)
             Began as an Octopode Necromancer on Aug 26, 2023.
             Was an Elder of Ru.
             Mangled by a sleepcap (21 damage)
             ... on level 6 of the Dungeon.
             The game lasted 00:23:43 (6208 turns).

Arcadio the Grave Robber (Octopode Necromancer)     Turns: 6208, Time: 00:23:43

HP:   -10/47 (50)   AC:  1    Str:  8    XL:     8   Next: 51%
MP:   15/15         EV:  2    Int: 19    God:    Ru [****..]
Gold: 296           SH:  0    Dex: 12    Spells: 3/16 levels left

rFire   . . .        v - +1 short sword (venom)
rCold   . . .        (helmet restricted)
rNeg    . . .        (no amulet)
rPois   +            z - ring of poison resistance
rElec   .            (no ring)
rCorr   .            (no ring)
SInv    .            (no ring)
Will    .....        (no ring)
Stlth   +++          (no ring)
HPRegen 0.27/turn    (no ring)
MPRegen 0.14/turn

%: no passive effects
@: exhausted, sleeping, drained
A: almost no armour, amphibious, 7 rings, camouflage 1, gelatinous body 1,
missing a hand, unskilled 1, (nimble swimmer 1), tentacles
a: Renounce Religion, Draw Out Power, Power Leap


You were on level 6 of the Dungeon.
You worshipped Ru.
Ru was greatly pleased with you.
You visited 2 branches of the dungeon, and saw 7 of its levels.
You also visited: Sewer.

You collected 296 gold pieces.

Inventory:

Hand Weapons
 b - a +0 dagger
 v - a +1 short sword of venom (weapon)
 x - a +0 morningstar
 y - a +1 scimitar of holy wrath
Jewellery
 l - an amulet of guardian spirit
 z - a ring of poison resistance (left tentacle)
Scrolls
 d - 2 scrolls of vulnerability
 e - a scroll of fear
 i - 2 scrolls of teleportation {unknown}
 j - 3 scrolls of poison
 k - a scroll of enchant weapon {unknown}
 m - a scroll of amnesia {unknown}
 o - a scroll of summoning {unknown}
 p - 3 scrolls of enchant armour {unknown}
 q - 2 scrolls of fog {unknown}
 s - a scroll of immolation {unknown}
 u - 3 scrolls of blinking {unknown}
 w - a scroll of torment {unknown}
Potions
 a - 3 potions of lignification
 c - 2 potions of curing {unknown}
 f - a potion of ambrosia {unknown}
 g - 7 potions of enlightenment
 h - a potion of degeneration {unknown}
 n - a potion of berserk rage {unknown}
 r - a potion of heal wounds {unknown}
 t - 2 potions of mutation


   Skills:
 + Level 1.9 Fighting
 + Level 5.5 Dodging
 - Level 2.4 Stealth
 - Level 4.5 Spellcasting
 + Level 6.4 Necromancy


You had 3 spell levels left.
You knew the following spells:

 Your Spells              Type           Power      Damage    Failure   Level
a - Necrotise             Necr           100%       1d9       1%          1
b - Vampiric Draining     Necr           28%        2d8       2%          3
c - Agony                 Necr           28%        N/A       26%         5
d - Animate Dead          Necr           28%        N/A       10%         4

Your spell library contained the following spells:

 Spells                   Type           Power      Damage    Failure   Level
 Apportation              Tloc           8%         N/A       13%         1
 Shock                    Conj/Air       16%        1d4       13%         1
 Summon Small Mammal      Summ           16%        N/A       13%         1
 Poisonous Vapours        Pois/Air       8%         N/A       21%         2
 Call Canine Familiar     Summ           4%         N/A       36%         3
 Ignite Poison            Fire/Tmut/Pois 4%         N/A       36%         3
 Mephitic Cloud           Conj/Pois/Air  4%         N/A       36%         3
 Summon Guardian Golem    Hex/Summ       4%         N/A       36%         3
 Swiftness                Air            4%         N/A       36%         3
 Volatile Blastmotes      Fire/Tloc      8%         2d10      36%         3
 Airstrike                Air            2%         2d(1-17)  78%         4
 Fulminant Prism          Conj/Hex       2%         3d5       78%         4
 Iskenderun's Mystic Bla  Conj/Tloc      4%         2d3       78%         4
 Sticky Flame             Conj/Fire      4%         2d3       78%         4
 Alistair's Intoxication  Tmut/Pois      2%         N/A       98%         5
 Freezing Cloud           Conj/Ice/Air   2%         6-21      98%         5
 Ignition                 Fire           2%         3d3       100%        8


Dungeon Overview and Level Annotations

Branches:
Dungeon (6/15) Zot: 24968  Temple (1/1) D:6 Zot: 5998   Sewer (visited)

Altars:
Cheibriados
Dithmenos
Elyvilon
Gozag
Hepliaklqana
Kikubaaqudgha
Makhleb
Nemelex Xobeh
Okawaru
Qazlal
Ru
Yredelemnul
Zin


Innate Abilities, Weirdness & Mutations

You cannot wear most types of armour.
You are amphibious.
You can wear up to seven rings at the same time.
Your skin changes colour to match your surroundings (Stealth+).
Your rubbery body absorbs attacks. (AC +1, EV +1)
You are missing a hand.
You are somewhat unskilled. (-1 Apt)
((You are camouflaged when in or above water. (Stealth+)))
You have tentacles for arms and can constrict up to seven enemies at once.


Message History

You hit the sleepcap. You grab the sleepcap.
The sleepcap is lightly damaged.
You constrict the sleepcap, but do no damage.
The sleepcap releases spores at you.
You are engulfed in a cloud of soporific spores!
You fall asleep.
You lose your grip on the sleepcap.
You redirect the gnoll's attack!
The gnoll throws a throwing net.
The throwing net hits the centaur.
The centaur is caught in the net!
The centaur struggles against the net.
The sleepcap releases spores at you!!
You wake up.
You are engulfed in a cloud of soporific spores!
You are unaffected.
The centaur struggles against the net.
Okay, then.
You hit the sleepcap but do no damage. You grab the sleepcap.
The sleepcap is lightly damaged.
You constrict the sleepcap.
The centaur struggles against the net.
The net rips apart, and the centaur comes free!
The sleepcap barely misses you.
The centaur is stunned by your conviction and fails to attack.
You hit the sleepcap.
The sleepcap is lightly damaged.
You constrict the sleepcap. The sleepcap barely misses you.
You hit the sleepcap but do no damage. You squeeze the sleepcap.
The sleepcap is moderately damaged.
You constrict the sleepcap. The sleepcap closely misses you.
You hit the sleepcap but do no damage.
The sleepcap is moderately damaged.
You constrict the sleepcap. The sleepcap closely misses you.
You hit the sleepcap but do no damage.
The sleepcap is heavily damaged.
You constrict the sleepcap. The sleepcap misses you.
You hit the sleepcap.
The sleepcap is heavily damaged.
You constrict the sleepcap. The sleepcap releases spores at you!
You are engulfed in a cloud of soporific spores!
You fall asleep.
You lose your grip on the sleepcap.
The sleepcap releases spores at you!!
You die...

### ## ## ~.~.f......#
......# P♣~~~.~zP##.#
#...#.# ..P..PP..##.#
#.#.#.# #...#.... #@#
#...#.# #.#.c.... #f#
......#
........###c####....####
g.........zgg..........+
............####....#####+##
....g...##### ###..###.....
........# ##..##.###.
........# #...'.#>'.
........# #.###.###.


You could see a sleepcap, a centaur (poisoned, corona), a wight and 2 gnolls.

Vanquished Creatures
  A steam dragon (D:6)
  An ice beast (D:4)
  An ogre (D:6)
  Blork the orc (D:5)
  A bullfrog (D:6)
  4 scorpions
  2 hounds
  An orc priest (D:4)
  A gnoll bouda (D:4)
  A sleepcap (D:5)
  2 iguanas
  An orc wizard (D:5)
  4 gnolls (D:4)
  2 river rats (Sewer)
  12 adders
  6 worms
  3 dart slugs
  21 orcs
  6 endoplasms
  3 giant cockroaches
  10 goblins
  6 hobgoblins
  8 jackals
  5 kobolds
  8 quokkas
  10 ball pythons
  11 bats
  2 frilled lizards
  6 rats
140 creatures vanquished.

Vanquished Creatures (collateral kills)
  An orc (D:4)
  A goblin (D:2)
  A jackal (D:4)
  3 ball pythons (Sewer)
6 creatures vanquished.

Vanquished Creatures (others)
  A scorpion (D:5)
  An iguana (D:5)
2 creatures vanquished.

Grand Total: 148 creatures vanquished

Notes
Turn   | Place    | Note
-------+----------+-------------------------------------------
     0 | D:1      | Arcadio the Octopode Necromancer began the quest for the
                  | Orb.
     0 | D:1      | Reached XP level 1. HP: 11/11 MP: 3/3
   173 | D:1      | Reached XP level 2. HP: 15/17 MP: 3/5
   695 | D:1      | Reached XP level 3. HP: 21/21 MP: 0/6
  1023 | D:2      | Found a sacrificial altar of Ru.
  1039 | D:2      | Became a worshipper of Ru the Awakened
  1204 | D:2      | Learned a level 3 spell: Vampiric Draining
  1545 | D:2      | Reached XP level 4. HP: 19/27 MP: 5/8
  1622 | D:2      | Identified the +0 leather armour "Xakhlut" {Fly rCorr
                  | Dex+3}
  2021 | D:3      | Found a faded altar of an unknown god.
  2024 | D:3      | Found an ancient bone altar of Kikubaaqudgha.
  2106 | D:3      | Found a glowing silver altar of Zin.
  2211 | D:3      | Found a glowing drain.
  2268 | Sewer    | Entered a sewer
  2290 | Sewer    | Gained mutation: You are missing a hand. [Ru sacrifice]
  2290 | Sewer    | Reached * piety under Ru
  2290 | Sewer    | Reached ** piety under Ru
  2290 | Sewer    | Reached *** piety under Ru
  2361 | Sewer    | Reached XP level 5. HP: 31/31 MP: 9/9
  2420 | Sewer    | Learned a level 5 spell: Agony
  2645 | Sewer    | Reached skill level 5 in Necromancy
  3312 | D:4      | Reached XP level 6. HP: 30/36 MP: 7/11
  4002 | D:4      | Noticed an ice beast
  4124 | D:4      | Reached XP level 7. HP: 41/41 MP: 9/13
  4173 | D:4      | Learned a level 4 spell: Animate Dead
  4173 | D:4      | You fall into a shaft and drop 2 floors!
  4178 | D:5      | Entered Level 5 of the Dungeon
  4471 | D:4      | Reached skill level 5 in Dodging
  4471 | D:4      | Reached skill level 6 in Necromancy
  4862 | D:5      | Noticed Blork the orc
  5016 | D:5      | Killed Blork the orc
  5242 | D:5      | Noticed a yak
  5250 | D:5      | Reached XP level 8. HP: 37/46 MP: 15/15
  5416 | D:5      | Reached skill level 5 in Spellcasting
  5605 | D:5      | Noticed a yak
  5681 | D:5      | Gained mutation: You are somewhat unskilled. (-1 Apt) [Ru
                  | sacrifice]
  5681 | D:5      | Reached **** piety under Ru
  5702 | D:5      | Noticed a yak
  5702 | D:5      | Noticed a yak
  5844 | D:6      | Reached skill level 1 in Fighting
  6073 | D:6      | Found a staircase to the Ecumenical Temple.
  6082 | Temple   | Entered the Ecumenical Temple
  6208 | D:6      | Mangled by a sleepcap

Illustrated notes

Levels and vault maps discovered:
D:1:      sevenhm_arrival_forest_fort_small_6, layout_basic
D:2:      layout_basic, basic_altar
D:3:      layout_rooms, mainiacjoe_overflow_alcove_1,
          nicolae_overflow_ecumenical_swirl, portal_sewer_entry_d
D:4:      layout_basic
D:5:      layout_loops_ring, serial_glass, glass_columns_c, glass_columns_c,
          glass_columns_c, minivault_5, minmay_between, uniq_blork_the_orc
D:6:      layout_loops_corners, gammafunk_temple_overflow_elements,
          minmay_temple_entry_glassed_door, wad_floor_pattern_2,
          serial_bayou_pond_b, nicolae_houndstooth_variations, uniq_sigmund
Temple:   chequers_temple_sunken

Skill      XL: |  1  2  3  4  5  6  7  8 |
---------------+-------------------------+-----
Dodging        | 3 4 5 |  5.5
Spellcasting   | 3 4 4 |  4.5
Necromancy     | 5 6 |  6.4
Fighting       | 1 |  1.9
Stealth        | |  2.4

Action                     |  1- 3 |  4- 6 |  7- 9 || total
---------------------------+-------+-------+-------++-------
  Melee: Dagger            |    46 |    97 |       ||   143
         Tentacles         |    12 |    16 |    16 ||    44
         Constrict         |    10 |    27 |    18 ||    55
         Punch             |     1 |     3 |       ||     4
         Short sword       |       |     3 |    74 ||    77
   Cast: Necrotise         |    44 |    61 |    48 ||   153
         Vampiric Draining |     3 |     7 |     8 ||    18
         Agony             |       |     1 |     1 ||     2
 Invoke: Sacrifice a Hand  |       |     1 |       ||     1
         Draw Out Power    |       |       |     1 ||     1
         Sacrifice Skill   |       |       |     1 ||     1
    Use: Scroll            |     1 |     3 |       ||     4
         Potion            |     1 |       |       ||     1
   Stab: Sleeping          |     4 |    12 |     2 ||    18
         Distracted        |     1 |       |       ||     1
         Invisible         |       |       |     1 ||     1
 Armour: Skin              |     5 |    13 |     4 ||    22
  Dodge: Dodged            |    20 |    89 |    49 ||   158

Table legend: (Time is in decaauts)
 A = Elapsed time spent in this place.
 B = Non-inter-level travel time spent in this place.
 C = Inter-level travel time spent in this place.
 D = Time resting spent in this place.
 E = Time spent auto-exploring this place.
 F = Levels seen in this place.
 G = Mean time per level.
                   A        B        C        D        E       F      G
               +--------+--------+--------+--------+--------+-----+--------+
         Total |   6208 |   6137 |     71 |   1345 |   3097 |   8 |  776.0 |
       Dungeon |   5460 |   5389 |     71 |   1087 |   2801 |   6 |  910.0 |
        Temple |      1 |      1 |      0 |      0 |      0 |   1 |    1.0 |
         Sewer |    746 |    746 |      0 |    258 |    296 |   1 |  746.0 |
               +--------+--------+--------+--------+--------+-----+--------+

Top non-repeatable levels by time:
     D:4: 1132 daAuts
     D:2: 1095 daAuts
     D:5: 1094 daAuts
     D:3: 838 daAuts
     D:1: 812 daAuts
   Sewer: 746 daAuts
     D:6: 486 daAuts
  Temple: 1 daAuts
